Map: King's Cove LE

Players

Mez

  • Race: Terran Terran
  • League: Master
  • Spawn Location: 5:00

Rocck - Winner!

  • Race: Zerg Zerg
  • League: Master
  • Spawn Location: 11:00

VOD

Have the link to the VOD?

Description

Time

  • Played on: Aug. 16, 2019, 8:18 a.m.
  • Length: 23:29
Show
View Real Time Build Order
Export as new Build Order

Mez Terran 

Build Orders: Reaper Expand, Hellion Banshee 

Get SALT Encoding   

  12  0:00  SCV  
  13  0:13  SCV  
  14  0:18  Supply Depot  
  14  0:25  SCV  
  15  0:40  SCV  
  16  0:43  Barracks  
  16  0:48  Refinery  
  16  0:52  SCV  
  17  1:04  SCV  
  18  1:16  SCV  
  19  1:30  Orbital Command  
  19  1:32  Reaper  
  20  1:42  Command Center  
  20  1:50  Supply Depot  
  20  1:56  SCV  
  21  2:03  Marine  
  22  2:10  SCV  
  22  2:13  Factory  
  23  2:22  SCV  
  24  2:27  Barracks Reactor  
  24  2:45  SCV  
  25  2:56  Orbital Command  
  25  3:02  Command Center  
  25  3:04  Starport  
  25  3:11  Engineering Bay  
  25  3:13  SCV  
  25  3:17  Refinery  
  25  3:22  SCV  
  25  3:26  SCV  
  26  3:27  Barracks Tech Lab  
  26  3:37  Hellion x2  
  26  3:39  SCV x2  
  32  3:43  Starport Tech Lab  
  32  3:51  SCV x2  
  34  3:56  Marine  
  34  3:59  Hellion x2  
  39  4:04  SCV x2  
  39  4:07  Banshee  
  44  4:11  Cloaking Field  
  44  4:16  SCV x2  
  46  4:17  Orbital Command  
  48  4:24  Hellion x2  
  48  4:28  SCV x2  
  52  4:31  Refinery  
  52  4:33  Refinery  
  52  4:40  SCV x2, Supply Depot  
  54  4:50  Supply Depot  
  54  4:52  SCV x2, Banshee  
  56  4:57  Orbital Command  
  59  5:03  Factory  
  59  5:04  SCV x2  
  61  5:07  Factory  
  61  5:16  SCV  
  62  5:24  Hellion x2  
  64  5:31  SCV x2  
  56  5:45  SCV  
  50  5:57  SCV x2  
  50  5:58  Factory Tech Lab  
  50  5:59  Hellion x2, SCV, Factory Tech Lab  
  57  6:09  SCV x2  
  57  6:10  Banshee  
  62  6:12  SCV  
  63  6:20  Supply Depot  
  63  6:21  SCV  
  63  6:22  SCV  
  65  6:27  Cyclone x2  
  65  6:29  Hellion x2, Supply Depot  
  65  6:30  SCV  
  76  6:34  SCV  
  77  6:41  SCV  
  77  6:42  SCV  
  77  6:46  SCV  
  80  6:50  Supply Depot  
  80  6:53  Supply Depot  
  80  6:55  SCV  
  80  6:56  SCV, Banshee  
  80  6:58  SCV  
  86  7:05  Cyclone x2  
  86  7:06  Hellion x2  
  93  7:12  SCV x3  
  82  7:24  SCV x2  
  80  7:30  Hellion x2, SCV  
  80  7:36  SCV x2  
  87  7:39  Refinery  
  87  7:41  Supply Depot  
  87  7:42  Supply Depot, Banshee  
  87  7:43  SCV  
  91  7:49  Hellion  
  91  7:51  Infernal Pre-Igniter  
  93  7:52  Mag-Field Accelerator  
  93  7:54  SCV x2  
  93  7:58  Factory x2, SCV  
  85  8:06  SCV x2  
  85  8:07  Supply Depot  
  85  8:10  SCV  
  88  8:18  SCV x2  
  90  8:22  SCV  
  90  8:24  Hellion x2  
  95  8:30  SCV x2  
  95  8:31  Cyclone x2  
  103  8:34  SCV  
  103  8:40  Banshee  
  107  8:42  SCV x2  
  107  8:46  Refinery, Supply Depot  
  107  8:47  SCV, Command Center, Supply Depot  
  110  8:48  Factory Tech Lab  
  110  8:49  Factory Tech Lab  
  110  8:54  SCV  
  111  9:02  Hellion x2, SCV  
  116  9:03  SCV  
  116  9:06  Armory  
  116  9:09  Armory  
  106  9:24  Banshee  
  106  9:25  Cyclone x3  
  106  9:26  Cyclone  
  106  9:27  Hellion x2, SCV  
  106  9:28  SCV  
  106  9:29  SCV  
  132  9:53  Hellion x2  
  132  9:57  Siege Tank x3  
  132  9:58  Siege Tank  
  132  9:59  Terran Vehicle And Ship Armor Level 1, Terran Vehicle Weapons Level 1  
  144  10:02  Engineering Bay  
  144  10:12  SCV x3  
  149  10:14  Hellion  
  149  10:15  Command Center  
  149  10:17  Hellion  
  151  10:23  Supply Depot  
  151  10:24  Supply Depot x2  
  151  10:29  Siege Tank x3  
  145  10:39  Siege Tank  
  145  10:40  Hellion x2  
  146  11:01  Siege Tank  
  146  11:03  Planetary Fortress  
  146  11:06  Refinery  
  146  11:07  Siege Tank x2  
  146  11:09  Refinery  
  152  11:11  Siege Tank  
  152  11:17  Hellion x2  
  159  11:22  Factory x3  
  159  11:42  Refinery  
  159  11:44  SCV  
  159  11:45  SCV x2  
  162  11:47  Command Center  
  162  11:49  Refinery  
  162  11:50  Command Center  
  162  11:53  Command Center  
  171  11:59  Thor x2  
  162  12:10  Thor  
  162  12:11  Factory Tech Lab x3  
  162  12:13  Factory Reactor  
  154  12:36  Thor  
  147  12:37  Hellion x3  
  147  12:39  SCV x4  
  147  12:41  Planetary Fortress  
  154  12:51  SCV x4  
  157  13:02  Orbital Command x2  
  157  13:06  Terran Vehicle And Ship Armor Level 2, Terran Vehicle Weapons Level 2  
  157  13:19  Starport Reactor  
  157  13:20  Fusion Core, Starport  
  157  13:23  Thor x2  
  169  13:32  Thor x2  
  181  13:39  Orbital Command  
  181  13:41  Sensor Tower  
  181  13:51  Siege Tank  
  181  13:52  Thor  
  194  13:55  Hellion  
  194  13:56  Hellion x2  
  194  13:57  Hellion  
  198  14:03  Command Center  
  198  14:15  Advanced Ballistics  
  198  14:19  Ghost Academy  
  198  14:24  Barracks  
  198  14:26  Barracks  
  198  14:30  Barracks  
  169  14:55  Hellion x4, Orbital Command  
  183  15:01  Thor x4, Hellbat  
  199  15:17  Command Center  
  199  15:19  Command Center  
  197  15:31  SCV  
  198  15:46  Ghost  
  198  15:47  Barracks Tech Lab x3  
  200  15:56  Command Center  
  200  16:17  Hellion x2  
  166  16:35  Hellbat x4  
  166  16:36  Thor x4  
  198  16:41  Ghost  
  200  16:53  Command Center  
  200  16:54  Command Center  
  176  17:09  Orbital Command  
  176  17:12  Hellbat x3  
  176  17:13  Hellion, Hellbat x2  
  174  17:19  Thor x3  
  174  17:20  Thor  
  192  17:42  Hellion  
  192  17:43  Hellion x3  
  181  17:53  Hellion x5  
  157  18:00  Thor x2  
  157  18:02  Thor  
  157  18:04  Thor x2, Hellbat  
  157  18:05  Hellbat  
  165  18:10  Siege Tank  
  135  18:21  Ghost  
  127  18:30  Planetary Fortress  
  125  18:42  Thor  
  125  18:43  Thor x2  
  125  18:45  Thor  
  125  18:47  Siege Tank, Cyclone  
  136  18:52  SCV x5  
  140  18:55  Hellion  
  130  19:19  Siege Tank  
  130  19:20  Siege Tank  
  130  19:22  Orbital Command  
  135  19:25  Siege Tank  
  135  19:26  Siege Tank x2  
  143  19:33  Refinery  
  143  19:45  Refinery  
  143  19:51  Siege Tank  
  143  19:52  Siege Tank, Hellion x2  
  153  20:01  SCV x5  
  156  20:13  Siege Tank x2, SCV x2  
  137  20:18  Siege Tank  
  140  20:23  SCV x3  
  140  20:25  SCV  
  144  20:36  Planetary Fortress  
  153  20:52  Refinery  
  153  20:53  Refinery  
  153  20:57  SCV x3  
  153  20:58  SCV x2  
  158  21:09  SCV  
  156  21:12  Siege Tank  
  156  21:13  Siege Tank x4  
  156  21:18  SCV x4  
  169  21:31  Sensor Tower  
  169  21:32  Sensor Tower  
  169  21:39  Hellion x3  
  175  22:05  Hellion x8  
  191  22:11  SCV x2  
  191  22:12  Refinery  
  171  22:29  Thor x2  
  177  22:30  Thor  
  136  23:00  Hellion x2  
  136  23:01  Hellion x5  
Show
View Real Time Build Order
Export as new Build Order

Rocck Zerg - Winner!

Build Orders: Hatch First, Brood Lord Corruptor 

Get SALT Encoding   

  12  0:01  Drone  
  13  0:12  Overlord  
  13  0:19  Drone  
  14  0:31  Drone  
  14  0:32  Drone  
  14  0:35  Drone  
  17  0:54  Hatchery  
  17  0:56  Drone  
  17  1:00  Drone  
  18  1:10  Extractor  
  17  1:15  Spawning Pool  
  17  1:18  Drone  
  17  1:22  Drone  
  18  1:28  Drone  
  19  1:40  Drone  
  20  1:50  Overlord  
  20  2:05  Queen  
  20  2:06  Queen  
  20  2:08  Zergling x4  
  26  2:14  Drone  
  27  2:17  Drone  
  27  2:21  Metabolic Boost  
  27  2:22  Drone  
  29  2:37  Drone x2  
  29  2:42  Drone  
  31  2:44  Drone  
  31  2:46  Queen  
  34  2:53  Drone  
  35  3:01  Overlord x2  
  34  3:16  Drone  
  34  3:19  Overlord x3  
  35  3:21  Drone x3  
  35  3:22  Drone x2  
  35  3:25  Queen  
  42  3:32  Drone  
  42  3:33  Drone  
  44  3:37  Baneling Nest  
  44  3:39  Drone  
  44  3:49  Hatchery  
  44  3:51  Zergling x2  
  44  3:52  Zergling x2  
  45  3:56  Drone x2  
  45  3:57  Drone x2  
  45  4:02  Lair  
  49  4:03  Zergling x2  
  49  4:08  Queen  
  52  4:10  Zergling x2  
  52  4:12  Zergling x2  
  52  4:14  Zergling x2  
  52  4:16  Zergling x2  
  56  4:19  Zergling x2  
  57  4:25  Zergling x4  
  57  4:26  Zergling x4  
  57  4:27  Zergling x4  
  63  4:33  Zergling x2  
  63  4:34  Baneling  
  63  4:36  Baneling x2  
  64  4:39  Drone  
  64  4:42  Spore Crawler  
  64  4:46  Drone  
  64  4:51  Overlord  
  65  4:57  Drone x2  
  65  4:58  Spore Crawler  
  66  5:00  Drone x2  
  66  5:01  Drone, Queen  
  66  5:06  Drone  
  72  5:08  Drone  
  72  5:10  Overseer  
  72  5:12  Drone  
  72  5:13  Drone x2  
  74  5:23  Drone  
  74  5:24  Drone x3  
  74  5:25  Drone x3  
  81  5:31  Overlord  
  81  5:39  Spore Crawler  
  79  5:47  Drone x3  
  79  5:49  Drone  
  78  5:50  Drone x4  
  78  5:53  Evolution Chamber  
  78  5:55  Evolution Chamber  
  77  5:57  Drone  
  77  5:58  Drone x2  
  77  6:12  Drone x4, Extractor x2  
  77  6:14  Overlord x3, Extractor  
  77  6:15  Extractor  
  77  6:20  Zerg Melee Weapons Level 1, Zerg Missile Weapons Level 1  
  77  6:21  Extractor  
  77  6:24  Zergling x2  
  77  6:25  Zergling x14  
  80  6:31  Zergling x4  
  86  6:40  Zergling x2, Hydralisk Den  
  86  6:41  Zergling x2  
  86  6:44  Zergling x2  
  86  6:46  Drone x2  
  90  6:47  Drone  
  90  6:48  Drone  
  93  6:54  Drone x2  
  93  6:59  Pneumatized Carapace  
  93  7:00  Drone  
  94  7:02  Hatchery  
  94  7:05  Drone x3  
  91  7:16  Zergling x4  
  91  7:17  Zergling x10  
  86  7:31  Zergling x6  
  86  7:32  Zergling x4  
  86  7:33  Drone x3  
  86  7:34  Drone  
  86  7:35  Drone  
  96  7:38  Grooved Spines  
  94  7:45  Infestation Pit  
  94  7:47  Hydralisk  
  94  7:48  Hydralisk x4  
  103  7:57  Hydralisk  
  103  7:58  Hydralisk  
  103  8:00  Hydralisk x2  
  103  8:05  Hydralisk x3  
  100  8:07  Overlord  
  100  8:08  Overlord x2  
  100  8:10  Overlord  
  100  8:11  Overlord x2  
  106  8:18  Hydralisk x3  
  112  8:27  Hydralisk x2  
  112  8:28  Hydralisk x3  
  122  8:34  Drone x5  
  122  8:35  Drone  
  122  8:39  Hydralisk x2  
  122  8:40  Hydralisk x2  
  132  8:45  Hive  
  132  8:49  Drone x3, Muscular Augments  
  132  8:50  Drone  
  136  8:59  Drone  
  136  9:00  Drone x8  
  136  9:01  Drone  
  146  9:04  Zerg Missile Weapons Level 2  
  146  9:09  Hydralisk x2  
  148  9:11  Hydralisk  
  148  9:14  Overseer  
  141  9:21  Hydralisk x4  
  149  9:34  Spore Crawler  
  149  9:36  Hydralisk x2  
  149  9:37  Hydralisk x4  
  160  9:40  Zerg Ground Armor Level 1  
  160  9:57  Hatchery  
  159  10:02  Overlord  
  159  10:03  Overlord x9  
  159  10:22  Viper x3  
  159  10:23  Viper  
  159  10:25  Zergling x2  
  159  10:26  Zergling x16  
  180  10:33  Hydralisk  
  172  10:40  Zergling x6  
  172  10:41  Zergling x2  
  176  10:42  Extractor  
  176  10:44  Extractor  
  176  10:45  Evolution Chamber x2  
  176  10:46  Evolution Chamber  
  176  10:47  Evolution Chamber  
  176  10:48  Evolution Chamber  
  165  11:14  Spore Crawler  
  165  11:17  Drone x3  
  167  11:21  Drone  
  167  11:22  Drone x6  
  167  11:23  Drone x3  
  167  11:25  Hydralisk x2  
  181  11:28  Zerg Missile Weapons Level 3  
  181  11:29  Hydralisk  
  183  11:33  Hydralisk  
  183  11:34  Hydralisk x3  
  183  11:35  Spire  
  190  11:41  Hydralisk x4  
  190  11:45  Hydralisk, Spore Crawler  
  197  12:10  Hydralisk  
  197  12:21  Hydralisk x3  
  197  12:22  Hydralisk  
  174  12:43  Drone x3  
  177  12:46  Zerg Ground Armor Level 2  
  177  13:03  Zergling x4  
  179  13:07  Greater Spire, Corruptor  
  179  13:08  Corruptor x6  
  179  13:09  Corruptor x2  
  179  13:12  Drone x3  
  200  13:14  Extractor  
  200  13:16  Extractor  
  198  13:28  Hatchery  
  197  13:35  Spire  
  195  14:30  Brood Lord  
  195  14:31  Brood Lord  
  197  14:45  Brood Lord  
  178  14:46  Brood Lord x6  
  172  14:55  Corruptor x3  
  172  14:56  Corruptor x4  
  178  15:05  Corruptor x3  
  178  15:06  Queen  
  184  15:26  Zerg Flyer Weapons Level 1  
  184  15:27  Zerg Flyer Armor Level 1  
  178  15:35  Brood Lord x5  
  188  15:36  Corruptor x5  
  188  15:37  Corruptor  
  183  16:36  Brood Lord x6  
  191  16:49  Zergling x2  
  176  16:59  Hydralisk x6  
  176  17:00  Hydralisk x14  
  200  17:02  Hydralisk x2  
  184  17:11  Hydralisk x4  
  184  17:12  Hydralisk  
  193  17:24  Zergling x2  
  193  17:25  Zergling x12  
  192  17:52  Hydralisk x5  
  192  17:53  Hydralisk x5  
  192  17:57  Hydralisk  
  192  17:58  Hydralisk x6  
  189  17:59  Hydralisk  
  189  18:00  Zergling x4  
  189  18:01  Zergling x2  
  190  18:08  Hydralisk x4  
  190  18:09  Hydralisk  
  190  18:12  Hydralisk  
  186  18:17  Hydralisk x4  
  186  18:18  Hydralisk  
  186  18:22  Hydralisk  
  172  18:28  Hydralisk x5  
  172  18:34  Hydralisk  
  176  18:36  Zergling x4  
  176  18:40  Hydralisk  
  176  18:41  Hydralisk x5  
  180  18:46  Hydralisk x2  
  186  18:50  Hydralisk x4  
  190  18:57  Hydralisk x2  
  190  19:00  Queen  
  196  19:04  Zergling x6  
  196  19:05  Zergling x4  
  197  19:14  Zergling x2  
  197  19:15  Zergling x10  
  197  19:16  Adrenal Glands  
  199  19:29  Viper x2  
  199  19:50  Overlord  
  198  20:11  Viper  
  198  20:12  Viper x2  
  198  20:13  Viper  
  195  20:16  Viper x2  
  195  20:17  Viper  
  196  20:26  Zergling x8  
  200  20:39  Hatchery  
  200  20:40  Zergling x2  
  200  20:42  Centrifical Hooks  
  200  20:47  Extractor  
  200  20:48  Extractor  
  200  20:49  Overseer  
  198  21:02  Zerg Flyer Weapons Level 2  
  198  21:04  Zerg Flyer Armor Level 2  
  198  21:22  Hatchery  
  196  21:40  Hatchery  
  196  21:42  Hatchery  
  196  21:44  Corruptor x3  
  200  22:04  Spine Crawler  
  200  22:06  Spine Crawler  
  195  22:22  Corruptor x2  
  182  22:23  Corruptor x4  
  194  22:31  Brood Lord  
  194  22:32  Brood Lord  
  170  23:03  Zergling x2  
  170  23:04  Zergling x40  
Tags
 
Add a new tag
Caveats
  • Supply blocks, unpowered buildings, or Contaminate may cause inaccurate times.
  • Supply counts are checked every 10 seconds.